 Dungeon Crawl Stone Soup version 0.25-a0-1073-gf4359a17dd (webtiles) character file.

Game seed: 14277142025894615775, levelgen mode: deterministic

1411 Flugslaktarn the Chopper (level 8, -6/42 HPs)
             Began as a Vine Stalker Fighter on May 14, 2020.
             Mangled by Prince Ribbit (9 damage)
             ... on level 6 of the Dungeon.
             The game lasted 00:02:21 (4812 turns).

Flugslaktarn the Chopper (Vine Stalker Fighter)     Turns: 4812, Time: 00:02:21

Health: -6/42      AC: 16    Str: 20    XL:     8   Next: 70%
Magic:  0/9        EV:  7    Int:  8    God:
Gold:   247        SH: 10    Dex: 15    Spells: 7/7 levels left

rFire    . . .     SeeInvis .   a - +0 war axe
rCold    . . .     Gourm    .   c - +0 kite shield
rNeg     . . .     Faith    .   p - +0 chain mail
rPois    .         Spirit   +   (no helmet)
rElec    .         Reflect  .   b - +0 cloak
rCorr    .         Harm     .   i - +1 pair of gloves
MR       +....                  n - +2 pair of boots
Stlth    ..........             (no amulet)
HPRegen  0.54/turn              (no ring)
MPRegen  0.11/turn              (no ring)

@: no status effects
A: fangs 3, regeneration 1, magic shield, antimagic bite, no potion heal 3, rot
immunity
a: no special abilities


You were on level 6 of the Dungeon.
You were not hungry.

You visited 1 branch of the dungeon, and saw 6 of its levels.

You collected 247 gold pieces.

Inventory:

Hand Weapons
 a - a +0 war axe (weapon)
Armour
 b - a +0 cloak (worn)
   (You found it on level 5 of the Dungeon)
 c - a +0 kite shield (worn)
 i - a +1 pair of gloves (worn)
   (You found it on level 3 of the Dungeon)
 n - a +2 pair of boots (worn)
   (You found it on level 3 of the Dungeon)
 p - a +0 chain mail (worn)
   (You found it on level 2 of the Dungeon)
Jewellery
 k - an uncursed ring of protection from fire {unknown}
   (You found it on level 3 of the Dungeon)
 y - a +6 ring of strength {unknown}
   (You found it on level 6 of the Dungeon)
Wands
 v - a wand of paralysis (8)
   (You found it on level 5 of the Dungeon)
 w - a wand of clouds (6)
   (You found it on level 5 of the Dungeon)
Scrolls
 g - 2 scrolls of noise {unknown}
 l - 2 scrolls of enchant armour
 r - 5 scrolls of identify
 s - a scroll of random uselessness {unknown}
 t - 2 scrolls of teleportation
 x - 2 scrolls of remove curse
Potions
 d - 2 potions of might
 f - a potion of curing {unknown}
 h - 2 potions of haste {unknown}
 j - a potion of lignification {unknown}
 m - 3 potions of flight {unknown}
 o - 2 potions of magic {unknown}
 q - a potion of degeneration {unknown}
 u - a potion of heal wounds {unknown}
Comestibles
 e - 8 rations
 z - a chunk of flesh


   Skills:
 + Level 4.7 Fighting
 * Level 5.8 Axes
 + Level 4.2 Armour
 + Level 3.1 Dodging
 + Level 4.6 Shields


You had 7 spell levels left.
You didn't know any spells.
Your spell library was empty.

Dungeon Overview and Level Annotations

Branches:
Dungeon (6/15)
 Temple: D:4-7

Altars:
Trog

Annotations:
D:6 Prince Ribbit


Innate Abilities, Weirdness & Mutations

You have razor-sharp teeth.
Your natural rate of healing is unusually fast.
When hurt, damage is shared between your health and your magic reserves.
Your bite disrupts and absorbs the magic of your enemies.
Potions cannot restore your health.
You are immune to rotting.


Message History

You closely miss something.
Prince Ribbit hits you but does no damage.
The orc throws a boomerang.
You block the boomerang.
The weapon returns to the orc!
Prince Ribbit hits you but does no damage.
Something hits you but does no damage.
You slash Prince Ribbit! You bite Prince Ribbit.
Prince Ribbit's magic leaks into the air.
You drain his magic.
You feel invigorated.
Prince Ribbit is severely wounded.
You miss something. Prince Ribbit closely misses you.
The orc throws a boomerang.
The boomerang barely misses you.
The weapon returns to the orc!
You block something's attack. Prince Ribbit hits you!
* * * LOW HITPOINT WARNING * * *
You slash Prince Ribbit! Your bite misses Prince Ribbit.
Prince Ribbit is almost dead.
You hit something.
The orc throws a boomerang.
You block the boomerang.
The weapon returns to the orc!
Prince Ribbit hits you!
You die...

#.....# #. #.#.# #.....#
#.###.#.#.#
#.....##.........#.#
#.....##.........#.#
#...F.##.........#.#
#....o##........<#.#
#.....##.........#.#
.##.....####.......#.######
........o.@.....#..........
########.F.................
#........#..........
#........###########
#........# #........#
#........# #........#
##########


You could see Prince Ribbit and an orc.

Vanquished Creatures
  A sky beast (D:5)
  A black bear (D:6)
  3 ice beasts (D:5)
  An ogre (D:5)
  2 centaurs (D:5)
  A scorpion (D:4)
  A howler monkey (D:5)
  A crimson imp (D:5)
  A jelly (D:5)
  A centaur zombie (D:5)
  2 orc wizards (D:3)
  An orc priest (D:6)
  A bullfrog skeleton (D:5)
  A hound (D:5)
  A gnoll shaman (D:5)
  An iguana (D:5)
  6 worker ants
  7 adders
  3 gnolls (D:5)
  2 adder skeletons (D:4)
  4 worms
  2 dart slugs
  2 leopard geckos
  4 orcs (D:3)
  3 giant cockroaches
  3 hobgoblins
  12 jackals
  3 quokkas
  2 ball pythons
  4 bats
  2 frilled lizards
  11 goblins
  3 kobolds (D:2)
  6 rats
99 creatures vanquished.

Notes
Turn   | Place    | Note
-------+----------+-------------------------------------------
     0 | D:1      | Flugslaktarn the Vine Stalker Fighter began the quest for
                  | the Orb.
     0 | D:1      | Reached XP level 1. HP: 11/11 MP: 2/2
    22 | D:1      | Reached skill level 2 in Axes
   218 | D:1      | Reached XP level 2. HP: 16/16 MP: 3/3
  1133 | D:2      | Reached XP level 3. HP: 19/19 MP: 4/4
  1728 | D:2      | Gained mutation: Your natural rate of healing is unusually
                  | fast. [Vine Stalker growth]
  1728 | D:2      | Reached XP level 4. HP: 21/24 MP: 3/5
  2172 | D:3      | Reached skill level 3 in Axes
  2172 | D:3      | Reached skill level 1 in Dodging
  2172 | D:3      | Reached XP level 5. HP: 27/28 MP: 6/6
  2748 | D:4      | Reached XP level 6. HP: 18/32 MP: 7/7
  3606 | D:5      | Entered Level 5 of the Dungeon
  3638 | D:5      | Reached skill level 4 in Axes
  3650 | D:5      | Found a bloodstained altar of Trog.
  3659 | D:5      | Reached XP level 7. HP: 36/37 MP: 8/8
  4111 | D:5      | Reached skill level 5 in Axes
  4111 | D:5      | Gained mutation: You have razor-sharp teeth. [Vine Stalker
                  | growth]
  4111 | D:5      | Reached XP level 8. HP: 34/42 MP: 6/9
  4791 | D:6      | Noticed Prince Ribbit
  4811 | D:6      | HP: 2/42 [Prince Ribbit (7)]
  4812 | D:6      | Mangled by Prince Ribbit

Illustrated notes

Levels and vault maps discovered:
D:1:      ebering_hopf_link, layout_basic
D:2:      layout_loops_ring
D:3:      layout_rooms
D:4:      layout_basic, first_ration, gup_sewer_entry_bowl
D:5:      layout_layer_cave, basic_altar, minmay_misc_feat_iff,
          grunt_decor_mini_mirrors, nicolae_underground_beach
D:6:      layout_basic, grunt_temple_overflow_open, uniq_maggie,
          uniq_blork_the_orc, uniq_prince_ribbit1

Skill      XL: |  1  2  3  4  5  6  7  8 |
---------------+-------------------------+-----
Axes           | 2 3 4 5 |  5.8
Fighting       | 3 4 |  4.7
Shields        | 3 4 |  4.6
Dodging        | 1 2 3 |  3.1
Armour         | 3 4 |  4.2

Action                   |  1- 3 |  4- 6 |  7- 9 || total
-------------------------+-------+-------+-------++-------
Melee: War axe           |   113 |   168 |   113 ||   394
       Bite              |    24 |    49 |    35 ||   108
  Use: Scroll            |     7 |       |       ||     7
  Eat: Chunk             |     3 |     6 |     4 ||    13
Armor: Scale mail        |    45 |       |       ||    45
       Chain mail        |     5 |    99 |    80 ||   184
Dodge: Dodged            |    41 |    41 |    49 ||   131
Block: Kite shield       |    66 |    93 |    75 ||   234

Table legend:
 A = Non-vault XP
 B = Vault XP
 C = Vault XP percentage of total XP
 D = Non-vault monster count
 E = Vault monster count
 F = Vault count percentage of total count
                 A         B        C        D         E       F
            +---------+---------+-------+---------+---------+-------
      Total |    2007 |       9 |   0.4 |      95 |       4 |   4.0
            +---------+---------+-------+---------+---------+-------
        D:1 |      33 |       0 |   0.0 |      20 |       0 |   0.0
        D:2 |      88 |       0 |   0.0 |      20 |       0 |   0.0
        D:3 |     137 |       0 |   0.0 |      19 |       0 |   0.0
        D:4 |     221 |       9 |   3.9 |      10 |       4 |  28.6
        D:5 |    1342 |       0 |   0.0 |      23 |       0 |   0.0
        D:6 |     186 |       0 |   0.0 |       3 |       0 |   0.0
            +---------+---------+-------+---------+---------+-------
